Map: Galactic Process LE

Players

BuenoClinic - Winner!

  • Race: Terran Terran
  • League: Grandmaster

SortOf

  • Race: Zerg Zerg
  • League: Grandmaster

VOD

Have the link to the VOD?

Description

Time

  • Played on: Oct. 30, 2016, 10:49 a.m.
  • Length: 6:13
Show
View Real Time Build Order
Export as new Build Order

BuenoClinic Terran - Winner!

Build Orders: Reaper Expand 

Get SALT Encoding   

  12  0:01  SCV  
  13  0:14  SCV  
  14  0:18  Supply Depot  
  14  0:26  SCV  
  15  0:40  SCV  
  15  0:41  Barracks  
  16  0:44  Refinery  
  16  0:52  SCV  
  17  1:04  SCV  
  18  1:16  SCV  
  19  1:28  Reaper  
  19  1:29  Orbital Command  
  20  1:40  Command Center, Unknown  
  20  1:52  Barracks  
  20  1:55  SCV  
  20  2:01  Barracks Reactor  
  21  2:07  SCV, Supply Depot  
  22  2:19  SCV  
  22  2:20  Refinery  
  23  2:31  SCV  
  23  2:34  Factory  
  24  2:38  Marine x2  
  24  2:42  Barracks Tech Lab  
  24  2:43  SCV  
  27  2:51  Unknown  
  27  2:55  SCV, Orbital Command  
  27  2:57  Marine x2  
  29  3:02  Stimpack  
  29  3:03  Marine  
  30  3:07  SCV  
  31  3:14  Marine  
  31  3:15  Marine  
  31  3:19  SCV  
  34  3:21  SCV  
  34  3:23  Starport  
  34  3:26  Factory Reactor  
  35  3:28  Marine  
  35  3:32  Marine x2  
  38  3:38  SCV, Supply Depot  
  38  3:39  SCV  
  40  3:46  Marine  
  41  3:50  SCV, Marine x2  
  41  3:52  SCV  
  45  4:01  Supply Depot  
  45  4:02  SCV  
  46  4:04  SCV  
  46  4:08  Medivac  
  46  4:09  Medivac, Factory Tech Lab  
  51  4:10  Marine  
  51  4:11  Marine x2  
  51  4:17  Engineering Bay  
  54  4:19  Refinery  
  54  4:23  SCV x2  
  56  4:25  Supply Depot  
  56  4:30  Siege Tank  
  59  4:32  Marine  
  59  4:33  Marine  
  59  4:35  Marine  
  62  4:46  SCV x2  
  62  4:50  Marine  
  62  4:51  Marine  
  62  4:52  Supply Depot, Marine  
  66  4:58  SCV x2, Supply Depot  
  69  5:06  Supply Depot  
  69  5:11  SCV  
  70  5:15  Siege Tank  
  70  5:17  SCV  
  74  5:23  SCV  
  74  5:27  Marine  
  74  5:28  Marine  
  72  5:29  SCV  
  72  5:35  SCV  
  74  5:41  SCV  
  73  5:47  SCV  
  70  5:51  Marine x2  
  70  5:53  SCV  
  70  5:55  Marine  
  74  5:59  SCV  
Show
View Real Time Build Order
Export as new Build Order

SortOf Zerg 

Build Orders: Hatch First 

Get SALT Encoding   

  12  0:01  Drone  
  13  0:13  Overlord  
  13  0:17  Drone  
  14  0:31  Drone x2  
  16  0:36  Drone  
  17  0:51  Unknown, Hatchery  
  17  0:55  Drone  
  17  0:59  Drone  
  18  1:07  Extractor  
  17  1:13  Spawning Pool  
  17  1:16  Drone  
  17  1:19  Drone  
  18  1:30  Drone  
  19  1:42  Overlord  
  19  1:51  Drone  
  20  2:00  Queen  
  23  2:01  Zergling x2  
  23  2:03  Queen, Unknown  
  23  2:04  Zergling x2  
  23  2:07  Metabolic Boost  
  26  2:12  Drone  
  27  2:16  Zergling x2  
  28  2:29  Drone x2  
  29  2:35  Queen  
  31  2:43  Overlord  
  31  2:44  Pneumatized Carapace  
  31  2:47  Drone x2  
  33  2:54  Drone  
  33  2:55  Drone  
  34  3:01  Overlord  
  34  3:06  Drone  
  34  3:10  Drone x2  
  37  3:14  Drone x3  
  37  3:15  Drone  
  37  3:18  Zergling x2  
  42  3:20  Zergling x2  
  43  3:33  Unknown, Hatchery  
  42  3:35  Drone  
  44  3:41  Drone x3  
  46  3:49  Queen  
  46  3:50  Queen  
  46  3:53  Drone  
  51  3:55  Overlord  
  51  4:03  Evolution Chamber  
  51  4:04  Evolution Chamber  
  49  4:14  Zergling x12  
  55  4:25  Queen, Zergling x4  
  55  4:29  Overlord  
  59  4:40  Baneling Nest, Drone  
  59  4:41  Overlord  
  59  4:44  Queen  
  59  4:45  Unknown  
  61  4:49  Drone  
  61  4:50  Spore Crawler, Drone x2  
  61  4:52  Drone  
  64  4:56  Zergling x6  
  67  5:00  Zergling x2  
  67  5:01  Zergling x2  
  67  5:03  Zergling x4  
  67  5:06  Zergling x4  
  73  5:09  Drone  
  73  5:13  Drone x2  
  71  5:26  Drone x4  
  71  5:27  Drone x3  
  64  5:29  Zergling x2  
  60  5:41  Zergling x2  
  52  5:43  Zergling x6  
  52  5:49  Zergling x2  
  52  5:50  Drone  
  52  5:52  Drone  
  51  5:58  Drone x3  
Tags
 
Add a new tag
Caveats
  • Supply blocks, unpowered buildings, or Contaminate may cause inaccurate times.
  • Supply counts are checked every 10 seconds.